 Dungeon Crawl Stone Soup version 0.28.0-43-g3370ac3207 (webtiles) character file.

Game seed: 10682102810174016806

354 experimilk the Gusty (level 6, -3/45 HPs)
             Began as a Draconian Air Elementalist on Mar 22, 2022.
             Slain by a gnoll
             ... wielding a +2 spear of venom
              (4 damage)
             ... on level 4 of the Dungeon.
             The game lasted 00:17:04 (6042 turns).

experimilk the Gusty (Draconian Air Elementalist)   Turns: 6042, Time: 00:17:04

Health: -3/45      AC:  6    Str: 10    XL:     6   Next: 35%
Magic:  1/10       EV: 12    Int: 17    God:
Gold:   299        SH:  0    Dex: 12    Spells: 4/10 levels left

rFire   . . .      SeeInvis .   m - +1 hand axe (elec)
rCold   . . .      Faith    .   t - orb {light}
rNeg    . . .      Spirit   .   (armour unavailable)
rPois   .          Reflect  .   (helmet restricted)
rElec   .          Harm     .   (no cloak)
rCorr   .          Rampage  .   (no gloves)
Will    .....                   (no boots)
Stlth   +.........              (no amulet)
HPRegen 0.15/turn               (no ring)
MPRegen 0.12/turn               (no ring)

@: lethally poisoned (-3 -> -23), on berserk cooldown, very slightly
contaminated, slowed, glowing, very slow
A: AC +6, unfitting armour, cold-blooded
a: no special abilities


You were on level 4 of the Dungeon.
You visited 1 branch of the dungeon, and saw 4 of its levels.
You also visited: Sewer.

You collected 299 gold pieces.

Inventory:

Hand Weapons
 a - a +0 dagger
 m - a +1 hand axe of electrocution (weapon)
Missiles
 c - 4 javelins
Armour
 t - an orb of light (worn)
Jewellery
 b - a ring of positive energy
 e - a ring of flight
 o - a ring of ice
Scrolls
 g - a scroll of fear {unknown}
Potions
 d - 2 potions of heal wounds
 f - a potion of magic {unknown}
 j - a potion of haste {unknown}
 k - a potion of lignification
 l - a potion of flight {unknown}
 p - a potion of ambrosia {unknown}
 q - 3 potions of curing {unknown}
 s - a potion of degeneration {unknown}


   Skills:
 - Level 1.7 Dodging
 - Level 1.7 Stealth
 + Level 2.8 Spellcasting
 - Level 1.0 Conjurations
 * Level 6.8 Air Magic


You had 4 spell levels left.
You knew the following spells:

 Your Spells              Type           Power      Damage    Failure   Level
a - Shock                 Conj/Air       60%        1d6       3%          1
b - Static Discharge      Conj/Air       15%        N/A       5%          2
c - Swiftness             Air            25%        N/A       3%          3

Your spell library contained the following spells:

 Spells                   Type           Power      Damage    Failure   Level
 Airstrike                Air            12%        N/A       11%         4
 Ensorcelled Hibernation  Hex/Ice        4%         N/A       26%         2
 Call Canine Familiar     Summ           2%         N/A       47%         3
 Portal Projectile        Hex/Tloc       4%         N/A       47%         3
 Spider Form              Tmut/Pois      2%         N/A       47%         3
 Anguish                  Hex/Necr       1%         N/A       87%         4
 Leda's Liquefaction      Hex/Erth       1%         N/A       87%         4


Dungeon Overview and Level Annotations

Branches:
Dungeon (4/15)              Sewer (visited)
 Temple: D:4-7

Altars:
Kikubaaqudgha
Nemelex Xobeh
Wu Jian
Zin


Innate Abilities, Weirdness & Mutations

Your plain brown scales are hard. (AC +6)
You cannot fit into any form of body armour.
You are cold-blooded and may be slowed by cold attacks.


Message History

The worm closely misses you. The gnoll misses you.
You hit the worm.
The worm is severely wounded.
You feel sick. The gnoll closely misses you. The worm barely misses you.
You slash the worm!
You kill the worm!
You feel sick. The gnoll closely misses you.
You slash the gnoll!
The gnoll is severely wounded.
You feel sick. The gnoll closely misses you.
You slash the gnoll!
You kill the gnoll!
You feel sick.
The gnoll hits you from afar with a +2 spear of venom.
You slash the gnoll!
The gnoll is almost dead.
You feel sick. The gnoll closely misses you.
The gnoll hits you from afar with a +2 spear of venom.
You slash the gnoll!
You kill the gnoll!
You feel sick. The gnoll misses you. The gnoll hits you but does no damage.
You are more poisoned.
There is an open door, spattered with blood here.
Items here: ))) ††.
You feel a strong urge to attack something.
You feel sick.
You are no longer berserk.
You are exhausted.
You feel yourself slow down.
You feel sick. The gnoll hits you but does no damage.
You are lethally poisoned!
You barely miss the gnoll.
* * * LOW HITPOINT WARNING * * *
You feel very sick.
The gnoll hits you with a +2 spear of venom!
* * * LOW HITPOINT WARNING * * *
You are more poisoned.
The gnoll hits you with a +2 spear of venom.
You die...

######## #......# #......#
#......# # #....@.# # #
#...g..# ########### #
###+##)## #.......... ###
####...##.# #.##......#
..### #.........#
#.###....##
....####.#..#....#
#..###..###
..####........####
##...######.
######.#.#..#.########.....#
#..
...........................#
#..


You could see a gnoll.

Vanquished Creatures
  Pargi (Sewer)
  A scorpion (D:4)
  3 gnolls (D:4)
  5 adders
  4 worms
  4 dart slugs
  3 orcs
  3 ball pythons
  10 bats
  4 bat zombies (D:3)
  8 endoplasms
  5 giant cockroaches
  12 hobgoblins
  7 jackals
  3 kobolds
  4 quokkas
  6 frilled lizards
  6 goblins
  5 rats
  A rat zombie (D:3)
95 creatures vanquished.

Notes
Turn   | Place    | Note
-------+----------+-------------------------------------------
     0 | D:1      | experimilk the Draconian Air Elementalist began the quest
                  | for the Orb.
     0 | D:1      | Reached XP level 1. HP: 14/14 MP: 3/3
   480 | D:1      | Reached XP level 2. HP: 18/20 MP: 0/5
   533 | D:1      | Learned a level 2 spell: Static Discharge
  1027 | D:1      | Reached skill level 4 in Air Magic
  1331 | D:1      | Reached XP level 3. HP: 26/26 MP: 3/6
  1364 | D:1      | Learned a level 3 spell: Swiftness
  2718 | D:2      | You fall into a shaft and drop 1 floor!
  2722 | D:3      | Reached XP level 4. HP: 26/33 MP: 1/7
  2936 | D:3      | Reached skill level 5 in Air Magic
  3009 | D:3      | Found a glowing silver altar of Zin.
  3339 | D:3      | Found an ornate altar of the Wu Jian Council.
  3339 | D:3      | Found a sparkling altar of Nemelex Xobeh.
  4552 | D:3      | Found an ancient bone altar of Kikubaaqudgha.
  4822 | D:4      | Reached XP level 5. HP: 38/38 MP: 5/8
  4902 | D:4      | Reached skill level 6 in Air Magic
  5292 | D:4      | Found a glowing drain.
  5306 | Sewer    | Entered a sewer
  5442 | Sewer    | Noticed Pargi
  5456 | Sewer    | Killed Pargi
  5457 | Sewer    | Reached XP level 6. HP: 44/45 MP: 1/10
  6042 | D:4      | HP: 1/45 [gnoll/+2 spear of venom (7)]
  6042 | D:4      | Slain by a gnoll

Illustrated notes

Levels and vault maps discovered:
D:1:      dpeg_arrival_fog, layout_rooms
D:2:      layout_basic, kennysheep_generic_room_5
D:3:      layout_basic, lemuel_zombie_altar_kikubaaqudgha,
          grunt_temple_overflow_open, minmay_ruptured
D:4:      layout_basic, kennysheep_mini_moat, nicolae_tso_swordbearing_angel,
          gup_sewer_entry_pipe, minivault_19

Skill      XL: |  1  2  3  4  5 |
---------------+----------------+-----
Air Magic      | 4 5 6 |  6.8
Dodging        | |  1.7
Stealth        | |  1.7
Spellcasting   | |  2.8
Conjurations   | |  1.0

Action                   |  1- 3 |  4- 6 || total
-------------------------+-------+-------++-------
Melee: Dagger            |    21 |       ||    21
       Tailslap          |     4 |     2 ||     6
       Punch             |     2 |       ||     2
       Hand axe          |     3 |    30 ||    33
 Cast: Shock             |    68 |    79 ||   147
       Static Discharge  |    16 |    14 ||    30
  Use: Scroll            |       |     6 ||     6
       Potion            |       |     2 ||     2
Armor: Skin              |    18 |    49 ||    67
Dodge: Dodged            |    39 |    59 ||    98
